 Dungeon Crawl Stone Soup version 0.25.0-1-g7eea58d2a3 (webtiles) character file.

Game seed: 9327982361841106680

179 MisterFreud the Skirmisher (level 5, -7/52 HPs)
             Began as a Gargoyle Monk on June 14, 2020.
             Killed by divine providence
             ... invoked by an orc priest
              (12 damage)
             ... on level 3 of the Dungeon.
             The game lasted 00:04:17 (2679 turns).

MisterFreud the Skirmisher (Gargoyle Monk)          Turns: 2679, Time: 00:04:18

Health: -7/52      AC: 16    Str: 16    XL:     5   Next: 59%
Magic:  5/5        EV:  5    Int: 10    God:
Gold:   135        SH:  0    Dex: 12    Spells: 4/4 levels left

rFire    . . .     SeeInvis .   a - +0 mace
rCold    + . .     Gourm    .   (no shield)
rNeg     + . .     Faith    .   h - +0 plate armour
rPois    ∞         Spirit   .   (no helmet)
rElec    +         Reflect  .   g - +0 cloak
rCorr    .         Harm     .   (no gloves)
MR       .....                  (no boots)
Stlth    ..........             (no amulet)
HPRegen  0.17/turn              k - ring of protection from cold
MPRegen  0.09/turn              (no ring)

@: berserking, very quick
A: negative energy resistance 1, electricity resistance, unbreathing,
petrification resistance, rot immunity, AC +4
a: no special abilities


You were on level 3 of the Dungeon.
You were not hungry.

You visited 1 branch of the dungeon, and saw 4 of its levels.

You collected 135 gold pieces.

Inventory:

Hand Weapons
 a - a +0 mace (weapon)
Armour
 g - a +0 cloak (worn)
 h - a +0 plate armour (worn)
Jewellery
 k - a ring of protection from cold (left hand)
Scrolls
 b - 2 scrolls of remove curse {unknown}
 d - 3 scrolls of identify {unknown}
 e - a scroll of enchant armour {unknown}
 n - 2 scrolls of teleportation {unknown}
Potions
 m - a potion of curing {unknown}
Comestibles
 c - 5 rations


   Skills:
 - Level 5.0 Fighting
 + Level 4.0 Maces & Flails
 + Level 2.9 Armour
 - Level 2.4 Dodging
 - Level 2.1 Stealth


You had 4 spell levels left.
You didn't know any spells.
Your spell library was empty.

Dungeon Overview and Level Annotations

Branches:
Dungeon (4/15)
 Temple: D:4-7

Altars:
Makhleb
Vehumet


Innate Abilities, Weirdness & Mutations

You are resistant to torment.
Your stone body is resilient. (AC +4)
You are immune to poison.
You resist negative energy. (rN+)
You are resistant to electric shocks. (rElec)
You can survive without breathing.
You are immune to petrification.
You are immune to rotting.


Message History

You hit the orc priest but do no damage.
The orc priest is severely wounded.
The orc priest hits you but does no damage.
You hit the orc priest.
The orc priest is almost dead.
The orc priest mumbles some strange prayers to Beogh against you.
Pain shoots through your body!
* * * LOW HITPOINT WARNING * * *
The orc priest barely misses you.
It was a potion of berserk rage.
A red film seems to cover your vision as you go berserk!
You feel yourself moving faster!
You feel mighty!
The orc priest hits you but does no damage.
You barely miss the orc priest.
The orc priest is almost dead.
You closely miss the orc priest.
The orc priest is almost dead.
The orc priest invokes the aid of Beogh against you.
Beogh smites you!
You die...

#.# #.# #)#.# #.#
#.# #.#.# #.# #.#
#.#.# #.# #.# #.#.#
#.# #.# #.#.# ##
#.# #.###.#.# .#
#.#########÷......#
.#
#...........#.#.###
.#
#############@#.#
.## #o#)# ..######
#h#.# .......#
#h#.# ..####.#
###.#.# .## #.....#
.# #.....# .#
#.....# .# #.....#


You could see an orc priest and 2 jackals.

Vanquished Creatures
  Purgy (D:3)
  2 adders (D:2)
  A worm (D:3)
  3 dart slugs
  An orc (D:4)
  A giant cockroach (D:3)
  9 hobgoblins
  7 jackals
  7 kobolds
  2 quokkas (D:2)
  7 bats
  2 frilled lizards
  8 goblins
  6 rats
57 creatures vanquished.

Notes
Turn   | Place    | Note
-------+----------+-------------------------------------------
     0 | D:1      | MisterFreud the Gargoyle Monk began the quest for the Orb.
     0 | D:1      | Reached XP level 1. HP: 14/14 MP: 1/1
   264 | D:1      | Reached XP level 2. HP: 6/20 MP: 2/2
   592 | D:1      | Reached skill level 4 in Fighting
   914 | D:1      | Reached XP level 3. HP: 24/24 MP: 3/3
  1272 | D:2      | Found a burning altar of Makhleb.
  1275 | D:2      | Found a radiant altar of Vehumet.
  1492 | D:2      | Reached skill level 5 in Fighting
  1550 | D:2      | Reached skill level 1 in Armour
  1550 | D:2      | Reached XP level 4. HP: 29/31 MP: 4/4
  2092 | D:3      | Noticed Purgy
  2129 | D:3      | Killed Purgy
  2129 | D:3      | Reached XP level 5. HP: 29/35 MP: 5/5
  2679 | D:3      | Killed from afar by an orc priest

Illustrated notes

Levels and vault maps discovered:
D:1:      roderic_chinese_lattice_arrival, layout_basic, corexii_corridor_pit,
          hangedman_decor_clover_reticule
D:2:      layout_basic, chequers_temple_overflow_statue_of_worship
D:3:      layout_loops_ring, uniq_purgy
D:4:      layout_loops_ring, eat_drink_and_be_merry_uskayaw, uniq_natasha,
          uniq_sigmund

Skill      XL: |  1  2  3  4 |
---------------+-------------+-----
Fighting       | 4 5 |  5.0
Armour         | 1 2 |  2.9
Maces & Flails | 4 |  4.0
Dodging        | |  2.4
Stealth        | |  2.1

Action                   |  1- 3 |  4- 6 || total
-------------------------+-------+-------++-------
Melee: Mace              |   114 |   110 ||   224
  Use: Potion            |       |     4 ||     4
 Stab: Invisible         |       |     1 ||     1
  Eat: Chunk             |     2 |     4 ||     6
Armor: Robe              |     9 |       ||     9
       Plate armour      |    90 |   125 ||   215
Dodge: Dodged            |    30 |    40 ||    70
